[ AOE2 MATCH · #458021883 ]
UnrankedBulgarians vs Turks
Player's team · LOSS
Rival team · WIN
[ REPLAY ANALYSIS · EXTRACTED FROM THE RECORDED GAME ]
Feudal
—
Castle
—
Imperial
—
| APM avg | 3.1 |
| APM peak | 41 |
| eAPM avg | 1.8 |
| Villagers / military | 18 / 0 |
Focus
⚔️ 3.3% · 🌾 96.7%
Feudal
—
Castle
—
Imperial
—
| APM avg | 8.0 |
| APM peak | 18 |
| eAPM avg | 7.2 |
| Villagers / military | 97 / 43 |
Focus
⚔️ 19.9% · 🌾 80.1%
Hand Cannoneer ×22 · Scout Cavalry ×11 · Bombard Cannon ×6 · Petard ×2 · Spearman ×1 · Monk ×1
Match map
Initial resources + every placement click. Lines = walls · curves = elevation contours. ◆ gold · ⬟ stone · ● berries · ✦ relic · ◌ wall gap
Your base· ✓ Closed at 12:00 · 0t walls · 2 gate(s)
ArminGN's base· ✓ Closed at 15:44 · 0t walls · 3 gate(s)
Smoothed initial terrain · ◌ = detected wall gap · hover for details
Inputs per minute
— romandoynov31 - - ArminGN
Build order — romandoynov31
24 actions detected in the replay
| 0:03 | Build | House |
| 0:04 | Create | Villager (Male) |
| 0:05 | Create | Villager (Male) |
| 0:05 | Create | Villager (Male) |
| 0:29 | Build | House |
| 0:30 | Build | House |
| 0:32 | Build | House |
| 1:05 | Create | Villager (Male) |
| 1:43 | Create | Villager (Male) |
| 2:18 | Create | Villager (Male) |
| 2:42 | Create | Villager (Male) |
| 3:06 | Build | Lumber Camp |
| 3:19 | Create | Villager (Male) |
| 3:36 | Create | Villager (Male) |
| 4:03 | Create | Villager (Male) |
| 4:26 | Create | Villager (Male) |
| 5:41 | Create | Villager (Male) |
| 5:41 | Create | Villager (Male) |
| 6:11 | Build | Mill |
| 6:20 | Create | Villager (Male) |
| 6:41 | Create | Villager (Male) |
| 6:43 | Create | Villager (Male) |
| 7:29 | Create | Villager (Male) |
| 8:17 | Create | Villager (Male) |
Build order — ArminGN
First 150 of 193 actions detected
| 0:01 | Create | Villager (Male) ×4 |
| 0:10 | Build | House |
| 0:44 | Build | House |
| 1:41 | Create | Villager (Male) |
| 2:20 | Create | Villager (Male) |
| 2:31 | Build | Lumber Camp |
| 2:37 | Create | Villager (Male) |
| 3:15 | Create | Villager (Male) |
| 3:23 | Create | Villager (Male) |
| 4:12 | Create | Villager (Male) |
| 4:20 | Build | House |
| 4:24 | Build | House |
| 4:33 | Create | Villager (Male) |
| 5:07 | Build | Mill |
| 5:16 | Create | Villager (Male) ×4 |
| 6:51 | Create | Villager (Male) |
| 6:52 | Create | Villager (Male) |
| 7:37 | Create | Villager (Male) |
| 8:17 | Build | Mining Camp |
| 8:32 | Research | Feudal Age |
| 10:25 | Create | Villager (Male) ×5 |
| 10:43 | Research | Horse Collar |
| 10:49 | Create | Villager (Male) |
| 11:08 | Build | Mining Camp |
| 11:19 | Build | House |
| 11:25 | Build | House |
| 11:30 | Create | Villager (Male) ×3 |
| 11:38 | Build | Farm |
| 11:46 | Build | Farm |
| 11:51 | Build | Farm |
| 11:57 | Build | Farm |
| 12:02 | Build | Farm |
| 12:05 | Build | Farm |
| 12:23 | Build | Market |
| 12:33 | Build | Farm |
| 12:44 | Create | Villager (Male) |
| 12:56 | Build | Farm |
| 13:16 | Build | Blacksmith |
| 13:23 | Build | Farm |
| 13:48 | Build | Farm |
| 14:09 | Build | Farm |
| 14:39 | Build | Farm |
| 14:50 | Build | House |
| 14:52 | Build | House |
| 14:56 | Build | House |
| 15:04 | Build | Farm |
| 15:08 | Create | Villager (Male) |
| 15:44 | Research | Castle Age |
| 16:07 | Research | Stone Mining |
| 16:33 | Build | Barracks |
| 16:44 | Research | Double-Bit Axe |
| 17:08 | Research | Forging |
| 17:42 | Create | Villager (Male) ×3 |
| 18:08 | Create | Spearman |
| 18:34 | Build | Town Center |
| 18:49 | Build | Monastery |
| 19:06 | Create | Villager (Male) ×5 |
| 19:32 | Create | Monk |
| 19:59 | Create | Villager (Male) |
| 19:59 | Create | Villager (Male) |
| 19:59 | Create | Villager (Male) |
| 20:25 | Build | Town Center |
| 20:37 | Build | Farm |
| 20:48 | Build | Farm |
| 20:50 | Create | Villager (Male) ×5 |
| 20:58 | Create | Villager (Male) ×2 |
| 21:25 | Build | Farm |
| 21:34 | Research | Heavy Plow |
| 21:57 | Build | Castle |
| 22:16 | Build | Farm |
| 22:20 | Build | Farm |
| 22:40 | Build | Farm |
| 22:43 | Create | Villager (Male) |
| 22:43 | Create | Villager (Male) |
| 22:57 | Build | Lumber Camp |
| 23:12 | Build | Farm |
| 23:22 | Create | Villager (Male) |
| 23:22 | Create | Villager (Male) |
| 23:23 | Create | Villager (Male) |
| 23:32 | Build | Farm |
| 23:37 | Create | Villager (Male) |
| 23:37 | Create | Villager (Male) |
| 23:48 | Create | Villager (Male) |
| 23:48 | Create | Villager (Male) |
| 23:59 | Build | Farm |
| 24:05 | Build | Farm |
| 24:33 | Build | Farm |
| 24:39 | Build | Farm |
| 24:44 | Build | Mining Camp |
| 25:10 | Build | Mill |
| 25:15 | Build | Farm |
| 25:24 | Build | House |
| 25:26 | Research | Imperial Age |
| 25:31 | Create | Villager (Male) |
| 25:46 | Build | Archery Range |
| 25:48 | Build | Archery Range |
| 26:35 | Build | House |
| 26:37 | Build | House |
| 26:38 | Build | House |
| 26:48 | Build | Archery Range |
| 26:53 | Build | Archery Range |
| 27:22 | Create | Villager (Male) ×5 |
| 27:34 | Research | Wheelbarrow |
| 27:42 | Research | Bow Saw |
| 27:52 | Build | Lumber Camp |
| 28:09 | Research | Iron Casting |
| 28:11 | Research | Padded Archer Armor |
| 28:12 | Research | Fletching |
| 28:14 | Research | Scale Barding Armor |
| 28:27 | Build | Siege Workshop |
| 28:29 | Build | Siege Workshop |
| 28:51 | Build | University |
| 28:55 | Build | House |
| 28:59 | Build | House |
| 29:03 | Build | House |
| 29:08 | Create | Villager (Male) ×5 |
| 29:17 | Create | Villager (Male) ×5 |
| 29:33 | Build | Siege Workshop |
| 29:56 | Create | Villager (Male) ×5 |
| 30:30 | Build | Stable |
| 30:37 | Build | Stable |
| 30:39 | Build | Stable |
| 30:47 | Create | Hand Cannoneer ×15 |
| 30:47 | Create | Hand Cannoneer |
| 31:04 | Build | Farm |
| 31:09 | Build | Farm |
| 31:11 | Create | Villager (Male) ×5 |
| 31:53 | Create | Villager (Male) ×5 |
| 32:07 | Build | House |
| 32:10 | Build | House |
| 32:12 | Build | House |
| 32:14 | Build | House |
| 32:16 | Build | House |
| 32:21 | Research | Husbandry |
| 32:23 | Research | Bloodlines |
| 32:29 | Create | Bombard Cannon |
| 32:29 | Create | Bombard Cannon |
| 32:29 | Create | Bombard Cannon |
| 32:29 | Create | Bombard Cannon |
| 32:38 | Research | Masonry |
| 32:46 | Research | Blast Furnace |
| 32:48 | Research | Leather Archer Armor |
| 32:49 | Research | Bodkin Arrow |
| 32:55 | Build | Farm |
| 33:01 | Build | Farm |
| 33:05 | Build | Farm |
| 33:15 | Build | Farm |
| 33:29 | Build | Mining Camp |
| 33:48 | Build | Farm |
| 33:54 | Create | Villager (Male) ×5 |
Match timeline
| 16:33 | ArminGN · first_building Barracks |
| 18:49 | ArminGN · first_building Monastery |
| 21:57 | ArminGN · first_building Castle |
| 25:46 | ArminGN · first_building Archery Range |
| 28:27 | ArminGN · first_building Siege Workshop |
| 30:30 | ArminGN · first_building Stable |
[ AI ANALYSIS · 1 CREDIT ]
What really happened in this match?
Wolo.gg analyzes every decision: build order, eco, micro, common mistakes by bracket. Personalized analysis on WhatsApp or Discord in 30 seconds.
Civ guide
Bulgarians
Perfil
Jugador #24470513